 Dungeon Crawl Stone Soup version 0.26.0-20-g3ca415f5b8 (webtiles) character file.

Game seed: 7619400971144572352

4894 EnegeticOcto the Cleaver (level 10, -8/81 HPs)
             Began as a Deep Dwarf Fighter on Jan 24, 2021.
             Was a Follower of Uskayaw.
             Mangled by an orc warrior
             ... wielding a +0 halberd
             ... led by an orc warlord
              (24 damage)
             ... on level 2 of the Orcish Mines.
             The game lasted 00:09:54 (1823 turns).

EnegeticOcto the Cleaver (Deep Dwarf Fighter)       Turns: 1823, Time: 00:09:54

Health: -8/81      AC: 15    Str: 23    XL:     10   Next: 26%
Magic:  1/9        EV:  5    Int:  9    God:    Uskayaw [*.....]
Gold:   184        SH: 15    Dex: 18    Spells: 9/9 levels left

rFire    . . .     SeeInvis .   h - +3 hand axe (vorpal)
rCold    . . .     Faith    .   c - +0 kite shield
rNeg     . . .     Spirit   .   e - +0 chain mail
rPois    .         Reflect  +   f - +2 helmet
rElec    .         Harm     .   s - scarf {+Inv}
rCorr    .         Rampage  .   (no gloves)
Will     ++...                  r - +2 pair of boots {Stlth+}
Stlth    ..........             m - amulet of reflection
HPRegen  0.00/turn              n - ring of willpower
MPRegen  0.11/turn              g - +6 ring of dexterity

@: non-regenerating
A: damage resistance, heal wounds, sense surroundings 2, no regeneration
a: Heal Wounds, Renounce Religion, Evoke Invisibility, Stomp


You were on level 2 of the Orcish Mines.
You worshipped Uskayaw.
Uskayaw was pleased with you.
You visited 2 branches of the dungeon, and saw 14 of its levels.

You collected 386 gold pieces.
You spent 202 gold pieces at shops.

Inventory:

Hand Weapons
 a - a +0 war axe
 h - a +3 vorpal hand axe (weapon)
   (You took it off an orc on level 4 of the Dungeon)
Armour
 b - a +0 scale mail
 c - a +0 kite shield (worn)
 e - a +0 chain mail (worn)
   (You found it on level 1 of the Dungeon)
 f - a +2 helmet (worn)
   (You took it off Robin on level 2 of the Dungeon)
 r - a +2 pair of boots of stealth (worn)
   (You bought it in a shop on level 9 of the Dungeon)
 s - a scarf of invisibility (worn)
   (You found it on level 9 of the Dungeon)
Jewellery
 g - a +6 ring of dexterity (right hand)
   (You found it on level 10 of the Dungeon)
 m - an amulet of reflection (around neck)
   (You found it on level 8 of the Dungeon)
 n - a ring of willpower (left hand)
   (You found it on level 5 of the Dungeon)
Wands
 i - a wand of flame (7) {@v4}
   (You took it off Grinder on level 3 of the Dungeon)
 p - a wand of paralysis (8)
   (You found it on level 4 of the Dungeon)
Scrolls
 j - 2 scrolls of immolation
 l - 3 scrolls of teleportation {@r3 !r}
 o - 2 scrolls of enchant weapon
 q - a scroll of fog {!r}
Potions
 d - a potion of might {@q3 !q}
 k - a potion of mutation
Miscellaneous
 t - a phial of floods (inert)
   (You found it on level 9 of the Dungeon)


   Skills:
 - Level 2.6 Fighting
 + Level 12.6 Axes
 - Level 3.2 Armour
 - Level 3.2 Shields
 * Level 12.2 Invocations


You had 9 spell levels left.
You didn't know any spells.
Your spell library was empty.

Dungeon Overview and Level Annotations

Branches:
Dungeon (12/15)              Lair (0/6) D:8             Orc (2/2) D:9
 Temple: D:4-7          Elf: Orc:2

Altars:
Elyvilon
Okawaru
Uskayaw
Zin

Shops:
D:3 *   D:5 !   D:9 [


Innate Abilities, Weirdness & Mutations

You are resistant to damage.
You can heal yourself by infusing magical energy.
You passively map the area around you.
You do not regenerate.


Message History

You kill the orc priest!
You hit the orc wizard.
The orc wizard is no longer sharing its pain.
You block the orc wizard's attack. You block the orc warrior's attack.
The orc hits you.
You slash Rupert!
Rupert is lightly wounded.
You hit the orc wizard. You hit the orc.
The troll is no longer sharing its pain.
The orc wizard no longer looks unusually strong.
The orc warrior is no longer sharing its pain.
You block the orc warrior's attack. You block Rupert's attack.
The orc wizard hits you but does no damage.
The orc wizard casts a spell.
The orc wizard blinks!
The orc closely misses you.
You can now merge with and destroy a victim.
You hit Rupert.
Rupert is lightly wounded.
You closely miss the orc. You slash the orc wizard!
You kill the orc wizard!
The orc warrior splashes around in the water.
The orc warrior hits you but does no damage.
You hit Rupert.
Rupert is moderately wounded.
Your shield and chain mail prevent you from hitting the orc.
You hit the warg.
The orc warrior no longer looks unusually strong.
The orc is no longer sharing its pain.
You block Rupert's attack. You block the orc's attack.
The orc warlord hits you from afar with a +0 glaive.
You block the warg's attack.
An orc comes into view.
The orc warrior hits you from afar with a +0 halberd.
You closely miss Rupert.
Rupert is moderately wounded.
The orc shouts!
You slash the warg!
You hit the orc wizard but do no damage.
You hit the orc but do no damage.
The orc warlord is no longer waterlogged.
The orc warrior no longer looks unusually strong.
You block the orc warrior's attack. You block the orc wizard's attack.
Rupert hits you with a +1 great mace of protection!!
* * * LOW HITPOINT WARNING * * *
The warg bites you but does no damage.
Your magical essence is drained by the effort!
You feel much better.
The orc wizard no longer looks unusually strong.
The troll is no longer waterlogged.
The orc warrior no longer looks unusually strong. x3
The orc no longer looks unusually strong.
You hear some strange, mumbled words.
The orc wizard mumbles some strange words.
The orc wizard seems to speed up.
You block the orc warrior's attack.
The orc warlord hits you from afar with a +0 glaive.
The warg bites you.
The orc wizard mumbles some strange words.
The orc wizard blinks!
The orc warrior hits you from afar with a +0 halberd!
* * * LOW HITPOINT WARNING * * *
You hit Rupert.
Rupert is moderately wounded.
You barely miss the orc wizard. You hit the orc. You slash the warg!
Rupert roars madly and goes into a rage!
Rupert goes berserk!
You block the warg's attack.
An orc comes into view.
It is wielding a +2 dagger of holy wrath.
The orc wizard mumbles some strange words.
The orc wizard blinks!
You block the orc warrior's attack.
You feel much better.
The orc warrior no longer looks unusually strong.
The orc no longer looks unusually strong. x3
The orc wizard gestures wildly while chanting.
The orc wizard blinks!
You block Rupert's attack.
The orc warlord hits you from afar with a +0 glaive!!
You block the orc's attack.
The orc warrior hits you from afar with a +0 halberd.
You block the warg's attack.
The orc wizard gestures at you while chanting.
The magic dart hits you but does no damage.
The orc wizard hits you but does no damage.
Aiming: Grand Finale
Press: ? - help, Shift-Dir - straight line, f/p - Rupert
Aim: Rupert, wielding a +1 great mace of protection and wearing a +0 ring mail (moderately wounded, berserk, waterlogged) Rupert explodes violently!
The orc warrior is hit by a flying piece of Rupert!
Something is hit by a flying piece of Rupert!
You blow up Rupert!
An orc wizard and an ogre come into view.
The orc wizard shouts!
The orc warrior no longer looks unusually strong.
You block the warg's attack.
The orc warrior hits you from afar with a +0 halberd!
* * * LOW HITPOINT WARNING * * *
An orc priest comes into view. It is wielding a +0 dagger of venom.
The orc warrior barely misses you. You block the orc warrior's attack.
The orc warlord roars a battlecry!
The orcs go into a battle-frenzy!
You block the orc warrior's attack.
The orc warrior hits you from afar with a +0 halberd!!
You die...

***..............o *
* .o......o..§. ,
............,
*#........... *
#....oo§.... ##
#..ooooo....****
#..#.oooToo..$.* ,,
,
**.#...o.ohooo....,,
* *,......oo@oOoo...
* ........###.....^
, ** ,.....<.## *
..o., * ,$.....# ...
, ,...... * #. , **
......, * , * *.....
, ,, , ..... , * * ,
, ,, ,


You could see an orc warlord, a troll, a warg, 8 orc warriors, an ogre, an orc
priest (wandering, strong), 5 orc wizards and 10 orcs.

Vanquished Creatures
  Rupert (Orc:2)
  3 two-headed ogres
  Grinder (D:3)
  A water elemental (D:11)
  A water moccasin (D:5)
  An orc warrior (Orc:1)
  2 necrophages
  2 centaurs
  6 ogres
  A big kobold (D:9)
  A wyvern skeleton (D:9)
  8 killer bees
  4 wights (D:7)
  10 orc priests
  2 hounds
  A jelly (D:8)
  9 orc wizards
  A centaur skeleton (D:9)
  3 iguanas
  3 worker ants
  A hound zombie (D:5)
  2 hound skeletons
  Robin (D:2)
  5 adders
  An ufetubus (D:5)
  2 oozes
  A worm (D:3)
  4 leopard geckos
  27 orcs
  A giant cockroach (D:4)
  7 hobgoblins
  8 jackals
  A frilled lizard (D:5)
  8 goblins (D:2)
  4 kobolds (D:9)
  A quokka skeleton (D:7)
  A rat (D:2)
136 creatures vanquished.

Vanquished Creatures (others)
  3 plants (D:8)
3 creatures vanquished.

Grand Total: 139 creatures vanquished

Notes
Turn   | Place    | Note
-------+----------+-------------------------------------------
     0 | D:1      | EnegeticOcto the Deep Dwarf Fighter began the quest for the
                  | Orb.
     0 | D:1      | Reached XP level 1. HP: 20/20 MP: 1/1
    64 | D:2      | Noticed Robin
    67 | D:2      | Reached skill level 3 in Axes
    67 | D:2      | Reached XP level 2. HP: 25/27 MP: 2/2
    77 | D:2      | Killed Robin
    78 | D:2      | Reached skill level 4 in Axes
    78 | D:2      | Reached XP level 3. HP: 20/33 MP: 3/3
   154 | D:3      | Your magical essence is drained by the effort!
   170 | D:3      | Reached skill level 5 in Axes
   170 | D:3      | Reached XP level 4. HP: 40/40 MP: 3/3
   193 | D:3      | Found Zin's Purification Station.
   195 | D:3      | Found a glowing silver altar of Zin.
   195 | D:3      | Noticed Grinder
   198 | D:3      | Paralysed by Grinder for 4 turns
   213 | D:3      | Paralysed by Grinder for 6 turns
   226 | D:3      | Killed Grinder
   227 | D:3      | Reached skill level 7 in Axes
   227 | D:3      | Reached XP level 5. HP: 20/46 MP: 4/4
   227 | D:3      | Reached XP level 6. HP: 23/55 MP: 5/5
   321 | D:4      | Your magical essence is drained by the effort!
   339 | D:5      | Entered Level 5 of the Dungeon
   405 | D:5      | Reached skill level 8 in Axes
   443 | D:5      | Found an iron altar of Okawaru.
   522 | D:5      | Noticed a water moccasin
   549 | D:5      | Killed a water moccasin
   550 | D:5      | Reached XP level 7. HP: 44/61 MP: 5/5
   564 | D:5      | Reached skill level 9 in Axes
   591 | D:5      | Your magical essence is drained by the effort!
   672 | D:5      | Found Joycleum's Distillery.
   831 | D:6      | Reached skill level 10 in Axes
   844 | D:7      | Found a white marble altar of Elyvilon.
   907 | D:7      | Reached XP level 8. HP: 64/68 MP: 5/5
   920 | D:7      | Noticed a +0 dagger
   922 | D:7      | Found a hide-covered altar of Uskayaw.
   922 | D:7      | Noticed a +0 dagger
   939 | D:7      | Became a worshipper of Uskayaw the Reveller
   957 | D:7      | Reached * piety under Uskayaw
   960 | D:7      | Reached skill level 1 in Invocations
   970 | D:7      | Reached ** piety under Uskayaw
   972 | D:7      | Reached *** piety under Uskayaw
   974 | D:7      | Reached **** piety under Uskayaw
   975 | D:7      | Reached skill level 2 in Invocations
  1027 | D:7      | Reached skill level 3 in Invocations
  1032 | D:7      | Your magical essence is drained by the effort!
  1047 | D:7      | Reached skill level 4 in Invocations
  1124 | D:8      | You fall into a shaft and drop 3 floors!
  1163 | D:11     | Reached skill level 11 in Axes
  1163 | D:11     | Reached skill level 5 in Invocations
  1165 | D:11     | Your magical essence is drained by the effort!
  1166 | D:11     | Your magical essence is drained by the effort!
  1183 | D:12     | Reached skill level 6 in Invocations
  1273 | D:11     | Reached skill level 7 in Invocations
  1274 | D:11     | Your magical essence is drained by the effort!
  1277 | D:10     | Entered Level 10 of the Dungeon
  1287 | D:9      | Noticed a two-headed ogre
  1292 | D:9      | Gained mutation: You passively map the area around you.
                  | [Deep Dwarf growth]
  1292 | D:9      | Reached XP level 9. HP: 50/74 MP: 7/7
  1298 | D:9      | Killed a two-headed ogre
  1299 | D:9      | Reached skill level 8 in Invocations
  1325 | D:9      | Reached skill level 9 in Invocations
  1372 | D:8      | Noticed a two-headed ogre
  1383 | D:8      | Killed a two-headed ogre
  1384 | D:8      | Reached skill level 12 in Axes
  1384 | D:8      | Reached skill level 10 in Invocations
  1437 | D:8      | Found a staircase to the Lair.
  1503 | D:9      | Noticed a two-headed ogre
  1515 | D:9      | Killed a two-headed ogre
  1516 | D:9      | Reached skill level 11 in Invocations
  1516 | D:9      | Reached XP level 10. HP: 17/81 MP: 4/11
  1517 | D:9      | Your magical essence is drained by the effort!
  1528 | D:9      | Found Kielinum's Antique Armour Shoppe.
  1531 | D:9      | Bought a pair of embroidered boots for 202 gold pieces
  1705 | D:9      | Found a staircase to the Orcish Mines.
  1732 | Orc:1    | Entered Level 1 of the Orcish Mines
  1783 | Orc:1    | Reached skill level 12 in Invocations
  1795 | Orc:2    | Entered Level 2 of the Orcish Mines
  1797 | Orc:2    | Noticed an orc warlord
  1801 | Orc:2    | Your magical essence is drained by the effort!
  1802 | Orc:2    | Noticed Rupert
  1816 | Orc:2    | Reached ***** piety under Uskayaw
  1820 | Orc:2    | Your magical essence is drained by the effort!
  1821 | Orc:2    | Reached ****** piety under Uskayaw
  1823 | Orc:2    | Killed Rupert
  1823 | Orc:2    | Mangled by an orc warrior

Illustrated notes

Levels and vault maps discovered:
D:1:      mainiacjoe_arrival_reflecting_pool, layout_basic, serial_bayou,
          serial_bayou_shore_b, serial_bayou_lake_a, serial_bayou_pond_d,
          serial_bayou_lagoon_a
D:2:      layout_loops_cross, uniq_robin
D:3:      layout_loops_corners, zin_purify, cheibriados_altar_1,
          marbit_many_paths, grunt_ministairs_9, uniq_grinder
D:4:      layout_basic, lemuel_doored_altar, nemelex_lonely_heart_becter
D:5:      layout_basic, nicolae_overflow_hidden_temple, serial_shops,
          nicolae_shop_crystal, nicolae_shop_statue_plus,
          hangedman_abyss_or_decor_passed, tgw_sif
D:6:      layout_rooms, minmay_temple_entry_hall
D:7:      layout_loops_ring, dancing_weapons_uskayaw, elyvilon_altar_4,
          serial_shops, kennysheep_mini
D:8:      layout_loops_ring, lemuel_coloured_pillars_altar, dpeg_oklobed_lair,
          minmay_unpleasant_kobolds, uniq_maurice
D:9:      layout_cave_pools, nicolae_tso_swordbearing_angel,
          nicolae_qazlal_eye_of_the_storm, old_standard_altar, orc_0_dummy,
          serial_shops, nicolae_shop_behind_doors, grunt_ministairs_4
D:10:     layout_basic, hellmonk_ghost_happy_afterlife, roderic_filled_cross
D:11:     lemuel_bear_cage, layout_basic, blue_anna_alchemist
          [blue_anna_fruit_fields, blue_anna_fruit_fields]
D:12:     layout_cave_pools, lightli_elemental_guards
Orc:1:    layout_diamond_mine, basic_altar, serial_shops, shop,
          nicolae_orc_crystal_geode, uniq_urug, uniq_nergalle, uniq_erica
Orc:2:    grunt_orc_tribal_feast, layout_diamond_mine, serial_shops,
          nicolae_shop_statue_plus, gammafunk_ghost_berserking_beasts,
          elf_legates, uniq_nessos, uniq_josephine, uniq_rupert

Skill      XL: |  1  2  3  4  5  6  7  8  9 10 |
---------------+-------------------------------+-----
Axes           | 3 4 5 7 8 10 11 12 | 12.6
Invocations    | 7 11 12 | 12.2
Fighting       | |  2.6
Armour         | |  3.2
Shields        | |  3.2

Action                   |  1- 3 |  4- 6 |  7- 9 | 10-12 || total
-------------------------+-------+-------+-------+-------++-------
Melee: War axe           |    38 |    33 |       |       ||    71
       Hand axe          |       |    57 |   157 |    88 ||   302
Invok: Stomp             |       |       |     6 |     2 ||     8
       Grand Finale      |       |       |       |     1 ||     1
 Abil: Heal Wounds       |     2 |     5 |    11 |     9 ||    27
Evoke: Phial of floods   |       |       |       |     1 ||     1
  Use: Scroll            |       |     2 |     6 |       ||     8
 Stab: Paralysed         |       |       |    19 |    10 ||    29
Armor: Scale mail        |    31 |       |       |       ||    31
       Chain mail        |    23 |    46 |    78 |    35 ||   182
Dodge: Dodged            |    29 |    25 |    31 |    13 ||    98
Block: Kite shield       |    43 |    47 |    99 |    78 ||   267
       Reflection        |       |       |     1 |     7 ||     8
